 Dungeon Crawl Stone Soup version 0.32-a0-893-gf85d74f360 (webtiles) character file.

Game seed: 7967593077826640507

35766 Biggs the Marksgoblin (level 13, -4/103 HPs)
             Began as a Coglin Hunter on Apr 4, 2024.
             Was the Champion of Okawaru.
             Succumbed to Nessos's poison
             ... on level 5 of the Lair of Beasts.
             The game lasted 00:24:31 (12117 turns).

Biggs the Marksgoblin (Coglin Hunter)              Turns: 12117, Time: 00:24:32

Health: -4/103     AC: 15    Str: 19    XL:     13   Next: 85%
Magic:  22/22      EV: 17    Int:  9    God:    Okawaru [******]
Gold:   600        SH:  0    Dex: 25    Spells: 12/12 levels left

rFire   . . .        J - +4 hand cannon (flame) {Navbir}
rCold   . . .        a - +4 sling (flame) {Akal}
rNeg    + . .        m - +5 acid dragon scales "Qesura Ihem" {rN+ Will- rCorr Str+8}
rPois   .            q - +0 hat "Eckimuho" {MP+9 Dex+5}
rElec   .            I - +1 cloak of the Other Side {Will+ Regen+ rCorr Dex-3}
rCorr   +            t - +1 pair of gloves
SInv    .            (no boots)
Will    .....        (amulet unavailable)
Stlth   ++           (ring unavailable)
HPRegen 1.17/turn    (ring unavailable)
MPRegen 0.18/turn    (no gizmo)

%: no passive effects
@: lethally poisoned (-4 -> -45), revved
A: off-hand wielding, slow wielding, warmup strikes, no jewellery
a: Invent Gizmo, Renounce Religion, Heroism, Finesse, Duel


You were on level 5 of the Lair of Beasts.
You worshipped Okawaru.
Okawaru was exalted by your worship.
You visited 3 branches of the dungeon, and saw 15 of its levels.

You collected 860 gold pieces.
You spent 260 gold pieces at shops.

Inventory:

Hand Weapons
 a - a +4 sling of flaming (offhand) {Akal}
 J - a +4 hand cannon of flaming (weapon) {Navbir}
Missiles
 w - a throwing net
Armour
 m - the +5 acid dragon scales "Qesura Ihem" (worn) {rN+ Will- rCorr Str+8}
   (You acquired it on level 4 of the Dungeon)

   Str+8:     It affects your strength (+8).
   rN+:       It protects you from negative energy.
   Will-:     It decreases your willpower.
   rCorr:     It protects you from acid and corrosion.
 o - a +0 cloak
 q - the +0 hat "Eckimuho" (worn) {MP+9 Dex+5}
   (You acquired it on level 8 of the Dungeon)

   Dex+5:     It affects your dexterity (+5).
   MP+9:      It affects your magic capacity (+9).
 t - a +1 pair of gloves (worn)
 I - the +1 cloak of the Other Side (worn) {Will+ Regen+ rCorr Dex-3}
   (Okawaru gifted it to you on level 1 of the Lair of Beasts)

   Dex-3:     It affects your dexterity (-3).
   Will+:     It increases your willpower.
   Regen+:    It increases your rate of health regeneration.
   rCorr:     It protects you from acid and corrosion.
Wands
 l - a wand of paralysis (9)
 u - a wand of flame (28)
 y - a wand of light (15)
 C - a wand of polymorph (17)
Scrolls
 b - a scroll of butterflies
 c - 4 scrolls of poison
 d - 2 scrolls of fear {unknown}
 f - a scroll of noise
 p - 10 scrolls of identify
 r - 3 scrolls of amnesia
 s - a scroll of enchant armour
 x - 2 scrolls of vulnerability
 z - a scroll of immolation
 A - a scroll of teleportation
 B - 3 scrolls of fog
 L - 2 scrolls of revelation {unknown}
Potions
 g - 5 potions of attraction
 h - 8 potions of curing
 i - 3 potions of haste
 j - 2 potions of cancellation
 k - 5 potions of lignification
 n - 2 potions of degeneration {unknown}
 v - 5 potions of mutation
 D - a potion of invisibility {unknown}
 E - 3 potions of might {unknown}
 F - 2 potions of ambrosia {unknown}
 G - 2 potions of heal wounds {unknown}
 H - a potion of magic {unknown}
 K - a potion of resistance {unknown}
 M - a potion of brilliance {unknown}


   Skills:
 - Level 10.0 Fighting
 - Level 18.0 Ranged Weapons
 + Level 7.5 Dodging
 - Level 0.7 Stealth
 - Level 5.0 Evocations


You had 12 spell levels left.
You didn't know any spells.
Your spell library contained the following spells:

 Spells                   Type           Power      Damage    Failure   Level
 Apportation              Tloc           0%         N/A       47%         1
 Necrotise                Necr           0%         1d4       47%         1
 Sting                    Conj/Alch      0%         1d3       47%         1
 Sublimation of Blood     Necr           0%         N/A       63%         2
 Teleport Other           Tloc           0%         N/A       85%         3
 Dispersal                Tloc           0%         N/A       100%        6
 Gell's Gavotte           Tloc           0%         2d(11-16) 100%        6
 Summon Small Mammal      Summ           Unusable   N/A       N/A         1
 Call Imp                 Summ           Unusable   N/A       N/A         2
 Summon Hydra             Summ           Unusable   N/A       N/A         7

Dungeon Overview and Level Annotations

Branches:
Dungeon (9/15)             Temple (1/1) D:4            Lair (5/5) D:9
  Swamp (0/4) Lair:3       Spider (0/4) Lair:3        Slime (0/5) Lair:4
    Orc (0/2) D:9

Altars:
Ashenzari
Cheibriados
Dithmenos
Elyvilon
Fedhas
Gozag
Hepliaklqana
Kikubaaqudgha
Makhleb
Nemelex Xobeh
Okawaru
Qazlal
Ru
Sif Muna
Trog
Vehumet
Wu Jian
Xom
Yredelemnul
Zin
The Shining One
Jiyva

Shops:
D:2 (   D:3 [   D:4 ?

Annotations:
Lair:5 Nessos


Innate Abilities, Weirdness & Mutations

You can wield a second weapon in your off-hand.
It takes a long time for you to wield or remove held weapons.
Your first few attacks do less damage.
You cannot equip rings or amulets.


Message History

Nessos gestures wildly while chanting.
Nessos seems to speed up.
Fire: J) +4 hand cannon (flame) {Navbir}
Press: ? - help, Q - select action, (/) - cycle Shift-Dir - straight line, f/p - Nessos
Aim: Nessos, wielding a +1 longbow of flaming and wearing a +0 barding (severely wounded, fast, 83% to hit)
You shoot a sling bullet.
The sling bullet hits Nessos but does no damage.
Nessos is severely wounded.
You shoot a slug. The slug hits Nessos!
The slug burns Nessos.
Nessos is almost dead.
You feel extremely sick.
Nessos gestures wildly while chanting.
Nessos blinks!
The black mamba bites you but does no damage.
Nessos shoots an arrow.
The arrow hits you! The arrow burns you!
You are lethally poisoned!
Fire: J) +4 hand cannon (flame) {Navbir}
Press: ? - help, Q - select action, (/) - cycle Shift-Dir - straight line, f/p - Nessos
Aim: Nessos, wielding a +1 longbow of flaming and wearing a +0 barding (almost dead, fast, 83% to hit)
You shoot a sling bullet.
The sling bullet hits Nessos but does no damage.
Nessos is almost dead.
You shoot a slug. The slug hits Nessos.
The slug burns Nessos.
Nessos is almost dead.
* * * LOW HITPOINT WARNING * * *
You feel extremely sick.
Nessos shoots an arrow.
The arrow hits you!
* * * LOW HITPOINT WARNING * * *
The arrow burns you.
You are more poisoned.
* * * LOW HITPOINT WARNING * * *
The black mamba barely misses you.
Nessos shoots an arrow.
The arrow closely misses you. The black mamba closely misses you.
You hear an angry hiss.
Blink to where?
Press: ? - help, Dir - move target, p - Nessos
As you read the scroll of blinking, it crumbles to dust.
You die...

.#.####....##
..###.......# ##
..##.........##.###♣
.#.............#.○°## ..
##...#....#....#.☼§S#....
(†..###.⌠.###....○.°......
#..###.....##...#.##......
...# #.....###...## ......
⌠.⌠# #..<..###⌠.@.# .....
...###......##...## .....
#..#.##...#.##...# .§..
#...###.⌠.##.....# ...c
##........##...#......
..#...........##..##..
.###.........#####.. ..
##.......## #.. ###...###
#..


You could see a black mamba.

Vanquished Creatures
  The ghost of croobank the Covert, a journeyman HuSu of Kikubaaqudgha (Lair:4)
  A minotaur (Lair:4)
  Snorg (Lair:4)
  3 hydras
  A ghost crab (Lair:3)
  5 death yaks (Lair:4)
  A two-headed ogre (D:8)
  Amaemon (Lair:2)
  An ugly thing (D:9)
  4 elephants (Lair:3)
  3 black mambas
  A torpor snail (Lair:4)
  An orange demon (Lair:2)
  13 cane toads
  A rime drake (Lair:1)
  Jeremiah (D:9)
  7 komodo dragons
  Psyche (D:8)
  A polar bear (Lair:5)
  7 blink frogs
  A hornet (D:9)
  Prince Ribbit (D:5)
  2 dream sheep (Lair:4)
  3 culicivoras (Lair:3)
  Sigmund (D:4)
  A slime creature (D:9)
  A basilisk (Lair:2)
  3 wraiths
  A wyvern (Lair:3)
  A shadow (D:9)
  29 yaks
  A steam dragon (D:7)
  Edmund (D:4)
  A vampire mosquito (D:9)
  3 acid dragons
  14 water moccasins
  A spectral polar bear (Lair:3)
  4 orc warriors
  3 sky beasts
  2 ice beasts (D:6)
  5 ogres
  25 wolves
  A black bear (D:7)
  5 centaurs
  A phantom (D:5)
  3 kobold brigands
  A spectral wyvern (Lair:3)
  8 bullfrogs
  A gnoll sergeant (D:6)
  A scorpion (D:5)
  2 wights
  19 killer bees
  7 howler monkeys
  An electric eel (Lair:4)
  A bombardier beetle (D:4)
  6 orc priests
  6 jellies
  A gnoll bouda (D:6)
  2 hounds (D:5)
  A sleepcap (D:7)
  12 orc wizards
  2 iguanas
  9 hell rats
  13 gnolls
  7 adders
  3 shadow imps
  A white imp (D:6)
  2 ufetubi (D:5)
  A ribbon worm (D:2)
  27 orcs
  12 ball pythons
  6 bats
  4 endoplasms
  2 giant cockroaches (D:4)
  13 goblins
  13 hobgoblins
  6 jackals (D:1)
  22 kobolds
  A quokka (D:2)
  2 frilled lizards
  5 rats
389 creatures vanquished.

Vanquished Creatures (others)
  An acid dragon (D:7)
1 creature vanquished.

Grand Total: 390 creatures vanquished

Notes
Turn   | Place    | Note
-------+----------+-------------------------------------------
     0 | D:1      | Biggs the Coglin Hunter began the quest for the Orb.
     0 | D:1      | Reached XP level 1. HP: 16/16 MP: 1/1
   101 | D:1      | Reached skill level 4 in Ranged Weapons
   101 | D:1      | Reached XP level 2. HP: 22/22 MP: 2/2
   220 | D:1      | Reached XP level 3. HP: 27/27 MP: 3/3
   811 | D:2      | Found Huanyff's Antique Weapon Boutique.
   963 | D:2      | Reached skill level 5 in Ranged Weapons
   963 | D:2      | Reached XP level 4. HP: 33/33 MP: 4/4
  1583 | D:3      | Reached XP level 5. HP: 38/38 MP: 5/5
  1588 | D:3      | Found Meusonor's Antique Armour Boutique.
  1699 | D:3      | Identified a scroll of acquirement
  2132 | D:4      | Found a staircase to the Ecumenical Temple.
  2137 | D:4      | Reached skill level 6 in Ranged Weapons
  2137 | D:4      | Acquired the +5 acid dragon scales "Qesura Ihem" {rN+ Will-
                  | rCorr Str+8}
  2151 | Temple   | Entered the Ecumenical Temple
  2159 | Temple   | Became a worshipper of Warmaster Okawaru
  2399 | D:4      | Reached XP level 6. HP: 44/44 MP: 6/6
  2528 | D:4      | Noticed Sigmund
  2546 | D:4      | Killed Sigmund
  2546 | D:4      | Reached * piety under Okawaru
  2547 | D:4      | Reached skill level 7 in Ranged Weapons
  2548 | D:4      | Noticed Edmund
  2575 | D:4      | Killed Edmund
  2576 | D:4      | Reached XP level 7. HP: 39/50 MP: 7/7
  2740 | D:4      | Found Tukeroh's Magic Scroll Shoppe.
  2746 | D:4      | Bought a scroll of identify for 26 gold pieces
  2746 | D:4      | Bought a scroll of identify for 26 gold pieces
  2746 | D:4      | Bought a scroll of identify for 26 gold pieces
  2746 | D:4      | Bought a scroll of poison for 52 gold pieces
  2894 | D:5      | Entered Level 5 of the Dungeon
  2902 | D:5      | Reached skill level 8 in Ranged Weapons
  2952 | D:5      | Noticed Prince Ribbit
  2970 | D:5      | Killed Prince Ribbit
  2971 | D:5      | Reached skill level 9 in Ranged Weapons
  2971 | D:5      | Reached XP level 8. HP: 51/56 MP: 8/8
  3061 | D:5      | Reached ** piety under Okawaru
  3747 | D:6      | Reached XP level 9. HP: 66/66 MP: 9/9
  3803 | D:6      | Reached skill level 5 in Fighting
  3938 | D:6      | Reached *** piety under Okawaru
  4123 | D:6      | Found a sparkling altar of Nemelex Xobeh.
  4299 | D:4      | Bought a scroll of teleportation for 39 gold pieces
  4299 | D:4      | Bought a scroll of teleportation for 39 gold pieces
  4299 | D:4      | Bought a scroll of poison for 52 gold pieces
  4555 | D:7      | Reached skill level 10 in Ranged Weapons
  4883 | D:7      | Reached **** piety under Okawaru
  4885 | D:7      | Reached skill level 11 in Ranged Weapons
  5464 | D:7      | Reached XP level 10. HP: 35/74 MP: 10/10
  5592 | D:7      | Found a white marble altar of Elyvilon.
  5939 | D:8      | Noticed a two-headed ogre
  5945 | D:8      | Killed a two-headed ogre
  5946 | D:8      | Reached skill level 12 in Ranged Weapons
  6025 | D:8      | Noticed a skeletal warrior
  6054 | D:8      | Reached ***** piety under Okawaru
  6132 | D:8      | Identified the +9 arbalest of Forgiveness {flame, rElec
                  | rPois}
  6245 | D:8      | Reached skill level 1 in Evocations
  6336 | D:8      | Noticed Psyche
  6344 | D:8      | Killed Psyche
  6407 | D:8      | Found a shimmering blue altar of Sif Muna.
  6667 | D:8      | Found a radiant altar of Vehumet.
  6727 | D:8      | Reached skill level 5 in Evocations
  6941 | D:8      | Found the +5 scythe "Finisher" {speed, execute}
  7107 | D:9      | Received a gift from Okawaru
  7298 | D:8      | Reached skill level 13 in Ranged Weapons
  7420 | D:9      | Found a staircase to the Lair.
  7457 | D:9      | Found a staircase to the Orcish Mines.
  7588 | D:9      | Paralysed by a hornet for 1 turns
  7593 | D:9      | Reached XP level 11. HP: 65/79 MP: 11/11
  7649 | D:9      | Noticed a green ugly thing
  7670 | D:9      | Killed a green ugly thing
  7720 | D:9      | Reached skill level 14 in Ranged Weapons
  7818 | D:9      | Noticed Jeremiah
  7823 | D:9      | Killed Jeremiah
  8098 | D:9      | Found a basalt altar of Yredelemnul.
  8248 | D:9      | Noticed a centaur warrior
  8328 | D:8      | Acquired the +0 hat "Eckimuho" {MP+9 Dex+5}
  8482 | Lair:1   | Entered Level 1 of the Lair of Beasts
  8783 | Lair:1   | Reached ****** piety under Okawaru
  8819 | Lair:1   | Received a gift from Okawaru
  8925 | Lair:1   | Acquired the +1 cloak of the Other Side {Will+ Regen+ rCorr
                  | Dex-3}
  8925 | Lair:1   | Received a gift from Okawaru
  8937 | Lair:1   | Acquired a +2 hand cannon of flaming
  8937 | Lair:1   | Received a gift from Okawaru
  9378 | Lair:2   | Noticed an eight-headed hydra
  9379 | Lair:2   | Received a gift from Okawaru
  9384 | Lair:2   | Killed an eight-headed hydra
  9385 | Lair:2   | Reached XP level 12. HP: 60/96 MP: 12/12
  9502 | Lair:2   | Reached skill level 10 in Fighting
  9803 | Lair:2   | Noticed Amaemon
  9812 | Lair:2   | Killed Amaemon
  9813 | Lair:2   | Reached skill level 15 in Ranged Weapons
 10287 | Lair:3   | Received a gift from Okawaru
 10351 | Lair:3   | Identified the +3 rapier of Infection {venom, Dex+6}
 10395 | Lair:3   | Reached skill level 16 in Ranged Weapons
 10447 | Lair:3   | Found a hole to the Spider Nest.
 10573 | Lair:3   | Received a gift from Okawaru
 10579 | Lair:3   | Reached XP level 13. HP: 103/103 MP: 13/13
 10928 | Lair:3   | Found a staircase to the Swamp.
 11033 | Lair:4   | Reached skill level 17 in Ranged Weapons
 11146 | Lair:4   | Noticed Snorg
 11151 | Lair:4   | Killed Snorg
 11255 | Lair:4   | Received a gift from Okawaru
 11378 | Lair:4   | Noticed a minotaur
 11381 | Lair:4   | Noticed croobank's ghost (journeyman HuSu)
 11461 | Lair:4   | Found a runed translucent gate.
 11462 | Lair:4   | Found a runed translucent gate.
 11462 | Lair:4   | Found a runed translucent gate.
 11489 | Lair:4   | Killed a minotaur
 11523 | Lair:4   | Reached skill level 18 in Ranged Weapons
 11523 | Lair:4   | Reached skill level 5 in Dodging
 11533 | Lair:4   | Killed croobank's ghost
 11632 | Lair:4   | Found a viscous altar of Jiyva.
 11633 | Lair:4   | Found a staircase to the Slime Pits.
 11926 | Lair:5   | Entered Level 5 of the Lair of Beasts
 12044 | Lair:5   | Received a gift from Okawaru
 12110 | Lair:5   | Noticed Nessos
 12117 | Lair:5   | Succumbed to Nessos's poison

Illustrated notes

Levels and vault maps discovered:
D:1:      lightli_arrival_isolated_outpost, layout_basic
D:2:      layout_rooms, serial_shops, nicolae_shop_just_a_little_nook
D:3:      layout_basic, serial_shops, nicolae_shop_stone
D:4:      layout_basic, minmay_temple_entry_junction, serial_shops, shop,
          serial_bayou_pond_e, sigmund_edmund_badplayer
D:5:      layout_cave_pools, uniq_prince_ribbit1
D:6:      layout_loops_ring, nemelex_diamond_rough_becter, serial_glass,
          glass_columns_a, glass_columns_c, glass_columns_c, glass_columns_c
D:7:      minmay_opposing_rooms, layout_layer_cave,
          mainiacjoe_overflow_tiny_flanked
D:8:      corexii_shantytown, layout_loops_cross, mainiacjoe_overflow_swirl,
          minmay_guarded_unrand_finisher, uniq_psyche
D:9:      layout_basic, kennysheep_mini_moat, dpeg_oklobed_lair,
          grunt_ministairs_6, minmay_pinched_square, uniq_jeremiah
Temple:   compressed_dpeg_triangle_lava_temple
Lair:1:   layout_gridlike, grunt_megastairs_3, lemuel_fruit_fields
Lair:2:   layout_long_grid, uniq_amaemon
Lair:3:   layout_misc_corridors, nicolae_swamp_entry_spooky,
          hellmonk_spider_entry_life_and_decay
Lair:4:   layout_regular_city, slime_entry_1, maelrawn_ghost_gauntlet_escape,
          serial_bayou_shore_a, lemuel_fruit_fields, lemuel_fruit_fields,
          uniq_snorg
Lair:5:   due_jungle_book, layout_small_grid, minivault_26,
          minmay_stone_trees_medium, grunt_forest_large_clearings,
          grunt_megastairs_5, uniq_nessos

Skill      XL: |  1  2  3  4  5  6  7  8  9 10 11 12 13 |
---------------+----------------------------------------+-----
Ranged Weapons | 4 5 6 7 9 11 13 14 16 18 | 18.0
Dodging        | 4 7 |  7.5
Fighting       | 4 5 9 10 | 10.0
Evocations     | 5 |  5.0
Stealth        | |  0.7

Action                     |  1- 3 |  4- 6 |  7- 9 | 10-12 | 13-15 || total
---------------------------+-------+-------+-------+-------+-------++-------
   Fire: Sling             |   178 |   180 |   450 |   998 |   158 ||  1964
         Hand cannon       |       |       |       |   184 |   158 ||   342
 Invoke: Receive Weapon    |       |       |       |     1 |       ||     1
         Receive Armour    |       |       |       |     1 |       ||     1
  Evoke: Wand              |       |     2 |       |       |       ||     2
    Use: Scroll            |       |     9 |     1 |    14 |     4 ||    28
         Potion            |       |       |     2 |       |       ||     2
 Armour: Leather armour    |    12 |    10 |       |       |       ||    22
         Acid dragon scale |       |     9 |    57 |   138 |    53 ||   257
  Dodge: Dodged            |     5 |    16 |    66 |   144 |    42 ||   273

Table legend: (Time is in decaauts)
 A = Elapsed time spent in this place.
 B = Non-inter-level travel time spent in this place.
 C = Inter-level travel time spent in this place.
 D = Time resting spent in this place.
 E = Time spent auto-exploring this place.
 F = Levels seen in this place.
 G = Mean time per level.
                   A        B        C        D        E       F      G
               +--------+--------+--------+--------+--------+-----+--------+
         Total |  12058 |  11194 |    864 |    434 |   8815 |  15 |  803.9 |
       Dungeon |   8411 |   7701 |    710 |    382 |   6038 |   9 |  934.6 |
        Temple |     26 |     19 |      7 |      0 |      0 |   1 |   26.0 |
          Lair |   3620 |   3474 |    146 |     52 |   2776 |   5 |  724.0 |
               +--------+--------+--------+--------+--------+-----+--------+

Top non-repeatable levels by time:
     D:7: 1506 daAuts
     D:8: 1495 daAuts
     D:9: 1013 daAuts
  Lair:4: 928 daAuts
  Lair:2: 906 daAuts
     D:6: 883 daAuts
     D:3: 824 daAuts
  Lair:1: 817 daAuts
     D:4: 792 daAuts
  Lair:3: 781 daAuts
     D:1: 754 daAuts
     D:5: 580 daAuts
     D:2: 560 daAuts
  Lair:5: 186 daAuts
  Temple: 26 daAuts
